 Dungeon Crawl Stone Soup version 0.17.1-3-g152610e (webtiles) character file.

139 Charly the Sneak (level 5, 0/26 HPs)
             Began as a Vine Stalker Assassin on Apr 25, 2016.
             Slain by a water moccasin zombie (2 damage)
             ... in an ossuary.
             The game lasted 00:10:56 (608 turns).

Charly the Sneak (Vine Stalker Assassin)             Turns: 608, Time: 00:10:56

Health: 0/26       AC:  8    Str: 18    XL:     5   Next: 22%
Magic:  0/6        EV: 11    Int: 12    God:
Gold:   60         SH:  0    Dex: 16    Spells: 0 memorised, 4 levels left

rFire  . . .     SeeInvis .       - Unarmed
rCold  . . .     Clarity  .     c - +0 robe
rNeg   . . .     SustAt   .     (no shield)
rPois  .         Gourm    .     j - +2 hat
rElec  .         Spirit   +     d - +0 cloak
rCorr  .         Warding  .     (no gloves)
rMut   .         Stasis   .     n - +2 pair of boots
MR     .....                    (no amulet)
Stlth  ++........               s - ring of wizardry
                                m - ring of loudness (curse)

@: mighty, not resistant to hostile enchantments, unstealthy
A: fangs 2, regeneration 1, magic shield, antimagic bite, no device heal 3, rot
immunity
a: no special abilities


You were in an ossuary.
You were not hungry.

You visited 1 branch of the dungeon, and saw 5 of its levels.
You also visited: Ossuary.

You collected 60 gold pieces.

Inventory:

Hand Weapons
 b - a +0 blowgun
Missiles
 e - 5 poisoned needles
 f - 2 curare-tipped needles
 w - 2 tomahawks (quivered)
Armour
 c - a +0 robe (worn)
 d - a +0 cloak (worn)
 j - a +2 hat (worn)
 n - a +2 pair of boots (worn)
Jewellery
 m - a cursed ring of loudness (left hand)
 s - a ring of wizardry (right hand)
Scrolls
 i - a scroll of magic mapping {unknown}
 l - a scroll of immolation {unknown}
 p - a scroll of remove curse {unknown}
 y - a scroll of blinking {unknown}
Potions
 k - a potion of cure mutation {unknown}
 o - a potion of mutation {unknown}
 q - a potion of lignification {unknown}
 r - 2 potions of curing
 u - a potion of brilliance {unknown}
 v - a potion of experience {unknown}
Comestibles
 g - 2 bread rations
 t - a meat ration


   Skills:
 - Level 1.7 Fighting
   Level 1.7 Short Blades
 - Level 1.7 Throwing
 - Level 0.7 Dodging
 - Level 4.8 Stealth
 + Level 4.7 Unarmed Combat


You had 4 spell levels left.
You didn't know any spells.

Dungeon Overview and Level Annotations

Branches:
Dungeon (5/15)
 Temple: D:4-7

Altars:


Innate Abilities, Weirdness & Mutations

You have extremely sharp teeth.
Your natural rate of healing is unusually fast.
When hurt, damage is shared between your health and your magic reserves.
Your bite disrupts and absorbs the magic of your enemies.
Potions and wands cannot restore your health.
You are immune to rotting.


Message History

The gnoll zombie hits you.
Unknown command.
You barely miss the water moccasin zombie.
The water moccasin zombie bites you but does no damage.
You punch the water moccasin zombie!
You feel sick. The water moccasin zombie bites you. x2
You barely miss the water moccasin zombie.
The water moccasin zombie barely misses you.
You hit the water moccasin zombie.
Your bite misses the water moccasin zombie.
The water moccasin zombie bites you but does no damage.
You closely miss the water moccasin zombie.
The water moccasin zombie bites you!
* * * LOW HITPOINT WARNING * * *
Drink which item? (? for menu, Esc to quit)
You feel very mighty all of a sudden.
You feel sick.
You are no longer poisoned.
The water moccasin zombie bites you.
You die...

+?[$!#.∩.'.^^#
#???!#...#...#
### #####^..#
#^..# #'###
#^^.# #^..#
#^..# #.@.#
#Z### #Z.Z#
#ZZ.# #...#
#...# ###+#


You could see a water moccasin zombie, a gnoll zombie and a kobold zombie.

Vanquished Creatures
  A giant frog skeleton (D:5)
  A hound zombie (D:5)
  A mummy (D:5)
  6 adders
  An adder skeleton (D:3)
  2 orcs
  5 bats
  2 hobgoblins (D:3)
  2 jackals (D:3)
  A giant newt (D:3)
  4 goblins
  2 kobolds
  A kobold zombie (Ossuary)
  An orc zombie (Ossuary)
  2 quokkas (D:3)
  A rat (D:1)
33 creatures vanquished.

Notes
Turn   | Place    | Note
--------------------------------------------------------------
     0 | D:1      | Charly the Vine Stalker Assassin began the quest for the Orb.
     0 | D:1      | Reached XP level 1. HP: 11/11 MP: 2/2
    72 | D:2      | Reached skill level 1 in Unarmed Combat
   132 | D:3      | Reached XP level 2. HP: 15/15 MP: 3/3
   171 | D:4      | Noticed a phantom
   177 | D:4      | Noticed a phantom
   394 | D:3      | Reached XP level 3. HP: 18/18 MP: 4/4
   438 | D:5      | Entered Level 5 of the Dungeon
   483 | D:5      | Noticed an ogre
   502 | D:4      | Reached XP level 4. HP: 19/23 MP: 2/5
   559 | D:5      | Reached XP level 5. HP: 14/26 MP: 6/6
   565 | D:5      | Found a sand-covered staircase.
   580 | Ossuary  | Entered an ossuary
   608 | Ossuary  | Slain by a water moccasin zombie

Action                   |  1- 3 |  4- 6 || total
-------------------------+-------+-------++-------
Melee: Dagger            |    89 |     4 ||    93
       Unarmed           |       |    38 ||    38
 Fire: Blowgun           |    10 |     1 ||    11
Throw: Tomahawk          |       |     1 ||     1
  Use: Scroll            |     3 |       ||     3
       Potion            |       |     1 ||     1
 Stab: Sleeping          |     6 |     2 ||     8
